 Dungeon Crawl Stone Soup version 0.28-a0-1447-ga5a8893891 (webtiles) character file.

Game seed: 9099792723990447775

18 oldriver the Skirmisher (level 2, 0/24 HPs)
             Began as a Formicid Chaos Knight on Jan 11, 2022.
             Was a Plaything of Xom.
             Frozen to death by an endoplasm (5 damage)
             ... on level 1 of the Dungeon.
             The game lasted 00:00:17 (249 turns).

oldriver the Skirmisher (Formicid Chaos Knight)      Turns: 249, Time: 00:00:18

Health: 0/24       AC:  5    Str: 16    XL:     2   Next: 90%
Magic:  2/2        EV: 11    Int: 11    God:    Xom [.*....]
Gold:   2          SH:  0    Dex: 10    Spells: 1/1 levels left

rFire   . . .      SeeInvis +   a - +0 hand axe (chaos)
rCold   . . .      Faith    .   (no shield)
rNeg    . . .      Spirit   .   b - +2 leather armour
rPois   .          Reflect  .   (helmet unavailable)
rElec   .          Harm     .   (no cloak)
rCorr   .          Rampage  .   (no gloves)
Will    .....                   (no boots)
Stlth   +.........              (no amulet)
HPRegen 0.08/turn               (no ring)
MPRegen 0.08/turn               (no ring)

@: no status effects
A: permanent stasis, dig shafts and tunnels, antennae 3, four strong arms
a: Dig, Shaft Self, Renounce Religion


You were on level 1 of the Dungeon.
You worshipped Xom.
You were a plaything of Xom.
You visited 1 branch of the dungeon, and saw 1 of its levels.

You collected 2 gold pieces.

Inventory:

Hand Weapons
 a - a +0 hand axe of chaos (weapon)
Armour
 b - a +2 leather armour (worn)


   Skills:
 + Level 3.6 Fighting
 + Level 3.2 Axes
 - Level 2.3 Armour
 + Level 1.4 Dodging


You had one spell level left.
You didn't know any spells.
Your spell library was empty.

Dungeon Overview and Level Annotations

Branches:
Dungeon (1/15)

Altars:


Innate Abilities, Weirdness & Mutations

You cannot be hasted, slowed, berserked, paralysed or teleported.
You can dig through walls and to a lower floor.
You have a pair of large antennae on your head. (SInv)
Your four strong arms can wield two-handed weapons with a shield.


Message History

The hobgoblin completely misses your butterfly.
You swap places.
The hobgoblin misses your butterfly.
The hobgoblin closely misses your butterfly.
You swap places.
The hobgoblin misses your butterfly.
The hobgoblin barely misses your butterfly.
The ball python misses your butterfly. x2
The hobgoblin completely misses your butterfly.
The hobgoblin misses your butterfly. The ball python bites your butterfly.
Your butterfly dies!
Your butterfly disappears in a puff of smoke!
The hobgoblin barely misses your butterfly.
The hobgoblin hits your butterfly!
Your butterfly dies!
Your butterfly disappears in a puff of smoke!
The ball python bites your butterfly.
Your butterfly dies!
Your butterfly disappears in a puff of smoke!
You hear a shout!
There are monsters nearby!
The hobgoblin completely misses your butterfly.
The bat hits your butterfly.
Your butterfly dies!
Your butterfly disappears in a puff of smoke!
The ball python barely misses you. The ball python grabs you.
The ball python constricts you.
You hit the ball python. You burn the ball python.
You kill the ball python!
The bat misses you.
The hobgoblin rages.
You hit the bat.
You kill the bat!
The hobgoblin hits you.
* * * LOW HITPOINT WARNING * * *
You hit the hobgoblin but do no damage.
The hobgoblin is moderately wounded.
The hobgoblin blinks!
The endoplasm freezes you.
You are frozen.
You die...

### ..# # #.### #.##...# #
##### #....#.# ... ...#
#####.#.#
#....####.#######.....#.###
....w....w.J@...g.......)>#
#....####..#####..#.###.#.#
#.. ##[# #..#.....#.# # #.#
#..#.#####.# ∆ #.# #..#.#
#.# #.# #..#.. ∆ #.# #..
#..### #(# ##. #..# {#.#
#..# #.#


You could see a dart slug, an endoplasm and a hobgoblin (berserk, drained).

Vanquished Creatures
  An endoplasm (D:1)
  3 goblins (D:1)
  A hobgoblin (D:1)
  3 jackals (D:1)
  A quokka (D:1)
  3 ball pythons (D:1)
  A bat (D:1)
  A frilled lizard (D:1)
  A kobold (D:1)
  3 rats (D:1)
18 creatures vanquished.

Notes
Turn   | Place    | Note
-------+----------+-------------------------------------------
     0 | D:1      | oldriver the Formicid Chaos Knight began the quest for the
                  | Orb.
     0 | D:1      | Reached XP level 1. HP: 18/18 MP: 1/1
    54 | D:1      | Reached skill level 1 in Dodging
    68 | D:1      | XOM: silly message
    69 | D:1      | XOM: noise
    72 | D:1      | XOM: divination: detect items
   112 | D:1      | Reached XP level 2. HP: 24/24 MP: 2/2
   235 | D:1      | XOM: butterfly on damage
   249 | D:1      | Frozen to death by an endoplasm

Illustrated notes

Levels and vault maps discovered:
D:1:      saegor_arrival_simple_a, layout_basic

Skill      XL: |  1 |
---------------+----+-----
Dodging        | 1 |  1.4
Fighting       | |  3.6
Axes           | |  3.2
Armour         | |  2.3

Action                   || total
-------------------------++-------
Melee: Hand axe          ||    40
Armor: Leather armour    ||    12
Dodge: Dodged            ||    22

Table legend: (Time is in decaauts)
 A = Elapsed time spent in this place.
 B = Non-inter-level travel time spent in this place.
 C = Inter-level travel time spent in this place.
 D = Time resting spent in this place.
 E = Time spent auto-exploring this place.
 F = Levels seen in this place.
 G = Mean time per level.
                   A        B        C        D        E       F      G
               +--------+--------+--------+--------+--------+-----+--------+
         Total |    254 |    254 |      0 |      0 |    170 |   1 |  254.0 |
       Dungeon |    254 |    254 |      0 |      0 |    170 |   1 |  254.0 |
               +--------+--------+--------+--------+--------+-----+--------+

Top non-repeatable levels by time:
     D:1: 254 daAuts
